 Dungeon Crawl Stone Soup version 0.28-a0-1613-gdaab1c2f9b (webtiles) character file.

Game seed: 8409233793521264576

116 murtidash the Agent of Entropy (level 5, -19/42 HPs)
             Began as a Formicid Abyssal Knight on Jan 22, 2022.
             Was a Priest of Lugonu.
             Demolished by Menkaure (21 damage)
             ... on level 3 of the Dungeon.
             The game lasted 00:03:44 (2309 turns).

murtidash the Agent of Entropy (FoAK)               Turns: 2309, Time: 00:03:45

Health: -19/42     AC:  8    Str: 19    XL:     5   Next: 21%
Magic:  8/8        EV:  7    Int: 10    God:    Lugonu [***...]
Gold:   64         SH:  0    Dex: 17    Spells: 4/4 levels left

rFire   + . .      SeeInvis +   a - +1 hand axe
rCold   . . .      Faith    .   (no shield)
rNeg    . . .      Spirit   .   h - +0 chain mail
rPois   .          Reflect  .   (helmet unavailable)
rElec   .          Harm     .   (no cloak)
rCorr   .          Rampage  .   (no gloves)
Will    .....                   (no boots)
Stlth   ..........              g - amulet of regeneration {+regen, !d}
HPRegen 0.94/turn               d - +6 ring of dexterity
MPRegen 0.11/turn               c - ring of protection from fire {rF+, !d}

@: mighty
A: permanent stasis, dig shafts and tunnels, antennae 3, four strong arms
a: Dig, Shaft Self, Renounce Religion, Depart the Abyss, Bend Space, Banish


You were on level 3 of the Dungeon.
You worshipped Lugonu.
Lugonu was most pleased with you.
You visited 1 branch of the dungeon, and saw 4 of its levels.
You visited the Abyss 1 time.

You collected 64 gold pieces.

Inventory:

Hand Weapons
 a - a +1 hand axe (weapon)
Armour
 b - a +0 leather armour
 h - a +0 chain mail (worn)
   (You found it on level 1 of the Dungeon)
Jewellery
 c - a ring of protection from fire (right hand) {rF+, !d}
   (You found it on level 1 of the Dungeon)
 d - a +6 ring of dexterity (left hand)
   (You found it on level 1 of the Dungeon)
 g - an amulet of regeneration (around neck) {+regen, !d}
   (You found it on level 1 of the Dungeon)
Scrolls
 e - 6 scrolls of identify {unknown}
 f - 2 scrolls of teleportation {unknown}
 i - a scroll of noise {unknown}
 j - 4 scrolls of holy word {unknown}
 m - 2 scrolls of immolation {unknown}
 n - a scroll of enchant weapon {unknown}
 s - a scroll of fear {unknown}
Potions
 k - 4 potions of mutation {unknown}
 l - a potion of berserk rage {unknown}
 o - a potion of brilliance {unknown}
 p - a potion of might
 q - a potion of heal wounds {unknown}
 r - a potion of curing {unknown}


   Skills:
 + Level 4.0 Fighting
 * Level 3.4 Axes
 - Level 2.1 Armour
 - Level 0.8 Dodging
 * Level 4.1 Invocations


You had 4 spell levels left.
You didn't know any spells.
Your spell library contained the following spells:

 Spells                   Type           Power      Damage    Failure   Level
 Alistair's Intoxication  Tmut/Pois      0%         N/A       100%        5
 Borgnjor's Vile Clutch   Necr/Erth      0%         N/A       100%        5
 Eringya's Noxious Bog    Tmut/Pois      0%         N/A       100%        6


Dungeon Overview and Level Annotations

Branches:
Dungeon (4/15)
 Temple: D:4-7

Altars:

Annotations:
D:3 Menkaure
D:4 Pikel


Innate Abilities, Weirdness & Mutations

You cannot be hasted, slowed, berserked, paralysed or teleported.
You can dig through walls and to a lower floor.
You have a pair of large antennae on your head. (SInv)
Your four strong arms can wield two-handed weapons with a shield.


Message History

You see here 19 sling bullets.
You hear the rapid rusting of a very distant drain.
You hear the drain falling apart.
You see here a +0 short sword.
The walls and floor vibrate strangely for a moment.
s - a scroll labelled IGRAN CIAL You enter the shallow water.
Moving in this stuff is going to be slow.
You open the large door.
There is a large open door here.
Done exploring.
You enter the shallow water.
Moving in this stuff is going to be slow.
There is a collapsed entrance here.
You can't go down here!
Done exploring.
Done exploring.
You enter the shallow water.
Moving in this stuff is going to be slow.
There is a large open door here.
You enter the shallow water.
Moving in this stuff is going to be slow.
There is an open door here.
There is an open door here.
There is a stone staircase leading down here.
You climb downwards.
Pikel shouts!
The lemure shouts!
You hear a shout! x2; You hear an angry hiss.
There is a stone staircase leading up here.
Pikel says, "I'm sure the Orcish Mines are around here somewhere..."
You climb upwards.
There is a stone staircase leading down here.
You see here a +0 mace.
There is a stone staircase leading down here.
You climb downwards.
Level annotation: Pikel
There is a stone staircase leading up here.
You now have 64 gold pieces (gained 12).
Found a stone staircase leading down.
Menkaure, Prince of Dust comes into view.
Menkaure shouts!
You aren't carrying any items that you can evoke.
Unknown command.
c - a ring of protection from fire (right hand) {rF+, !d} A ball python comes into view.
There is a stone staircase leading up here.
There is a stone staircase leading up here.
Menkaure hits you!
You climb upwards.
There is a stone staircase leading down here.
You take 8 damage, and have 34/42 hp.
You hit Menkaure. Menkaure hits you but does no damage.
You hit Menkaure. Menkaure casts a spell at you. Pain shoots through your body!
You take 2 damage, and have 33/42 hp.
You completely miss Menkaure. You barely miss Menkaure. Menkaure hits you!
You take 8 damage, and have 26/42 hp.
You are too injured to fight recklessly!
You are too injured to fight recklessly!
You are too injured to fight recklessly!
You are too injured to fight recklessly!
You are too injured to fight recklessly!
You are too injured to fight recklessly!
You are too injured to fight recklessly!
You are too injured to fight recklessly!
You are too injured to fight recklessly!
You are too injured to fight recklessly!
You are too injured to fight recklessly!
You are too injured to fight recklessly!
You are too injured to fight recklessly!
You are too injured to fight recklessly!
You are too injured to fight recklessly!
You are too injured to fight recklessly!
You are too injured to fight recklessly!
You hit Menkaure. Menkaure hits you!
You take 11 damage, and have 15/42 hp.
MASSIVE DAMAGE!!
You hit Menkaure but do no damage.
Menkaure murmurs, "Let me perform the rites..."
Menkaure closely misses you.
You hit Menkaure.
Menkaure calls on the powers of darkness!
Your body is wracked with pain!
* * * LOW HITPOINT WARNING * * *
You take 6 damage, and have 10/42 hp.
You barely miss Menkaure.
Menkaure points at you and mumbles some strange words.
Pain shoots through your body!
* * * LOW HITPOINT WARNING * * *
You take 7 damage, and have 3/42 hp.
It was a potion of might.
You feel very mighty all of a sudden. Menkaure hits you.
* * * LOW HITPOINT WARNING * * *
You take 2 damage, and have 1/42 hp.
You slash Menkaure!
Menkaure screams, "Why can't you leave me to my rest?"
Menkaure hits you!!
Ouch! That really hurt!
You die...

#†.#..#...#..#..#..####.....##.#
#..#..'...'..#..#.....(###..##.#
#######...########.###.........#
##.#..))#..........##....#
#...###).....>.....##...#
###.##........(.....#...#
#.##.....)........#....
##.##.M...........<###..
#..##..@...........# #..
#.#................# #..
#.#.##..(.........## #..
#...###..........## #.. #.###
############ ### ###


You could see Menkaure.

Vanquished Creatures
  Robin (D:3)
  4 adders (D:3)
  2 worms (D:3)
  A dart slug (D:1)
  7 endoplasms
  3 giant cockroaches
  8 hobgoblins
  2 jackals (D:1)
  4 ball pythons (D:3)
  5 bats
  4 frilled lizards
  11 goblins
  7 kobolds
  3 rats
62 creatures vanquished.

Notes
Turn   | Place    | Note
-------+----------+-------------------------------------------
     0 | Abyss:1  | murtidash the Formicid Abyssal Knight began the quest for
                  | the Orb.
     0 | Abyss:1  | Reached XP level 1. HP: 18/18 MP: 2/2
    63 | D:1      | Escaped the Abyss
   198 | D:1      | Reached XP level 2. HP: 24/24 MP: 3/3
   639 | D:1      | Reached skill level 3 in Invocations
   639 | D:1      | Reached XP level 3. HP: 29/29 MP: 5/5
   654 | D:1      | Reached ** piety under Lugonu
  1486 | D:3      | Noticed Robin
  1505 | D:3      | Reached XP level 4. HP: 37/37 MP: 6/6
  1516 | D:3      | Reached skill level 3 in Axes
  1526 | D:3      | Killed Robin
  1651 | D:3      | Reached XP level 5. HP: 42/42 MP: 7/7
  1695 | D:3      | Reached *** piety under Lugonu
  1710 | D:3      | Reached skill level 4 in Invocations
  1894 | D:3      | Reached skill level 4 in Fighting
  1939 | D:3      | Found a faded altar of an unknown god.
  2257 | D:4      | Noticed Pikel
  2257 | D:4      | Noticed a lemure
  2257 | D:4      | Noticed a lemure
  2258 | D:4      | Noticed a lemure
  2282 | D:4      | Noticed Menkaure
  2307 | D:3      | HP: 3/42 [Menkaure/nerve-wracking pain (8)]
  2308 | D:3      | HP: 1/42 [Menkaure (3)]
  2309 | D:3      | Demolished by Menkaure

Illustrated notes

Levels and vault maps discovered:
D:1:      dpeg_arrival_short_road, layout_basic
D:2:      layout_loops_ring, nrook_campfire
D:3:      layout_rooms, serial_curves, eino_curves_03, eino_curves_04,
          shapermc_ecumenical_altar_notcrosses, portal_sewer_entry_e,
          minmay_snake_closets, uniq_robin
D:4:      layout_layer_cave, minmay_temple_entry_hall, uniq_pikel, uniq_menkaure

Skill      XL: |  1  2  3  4  5 |
---------------+----------------+-----
Invocations    | 3 4 |  4.1
Axes           | 3 |  3.4
Fighting       | 4 |  4.0
Armour         | |  2.1
Dodging        | |  0.8

Action                   |  1- 3 |  4- 6 || total
-------------------------+-------+-------++-------
Melee: Hand axe          |    99 |    91 ||   190
  Use: Potion            |       |     1 ||     1
Armor: Leather armour    |     5 |       ||     5
       Chain mail        |    60 |    35 ||    95
Dodge: Dodged            |    38 |    31 ||    69

Table legend: (Time is in decaauts)
 A = Elapsed time spent in this place.
 B = Non-inter-level travel time spent in this place.
 C = Inter-level travel time spent in this place.
 D = Time resting spent in this place.
 E = Time spent auto-exploring this place.
 F = Levels seen in this place.
 G = Mean time per level.
                   A        B        C        D        E       F      G
               +--------+--------+--------+--------+--------+-----+--------+
         Total |   2340 |   2185 |    155 |      0 |   1718 |   5 |  468.0 |
       Dungeon |   2277 |   2122 |    155 |      0 |   1662 |   4 |  569.2 |
         Abyss |     63 |     63 |      0 |      0 |     56 |   1 |   63.0 |
               +--------+--------+--------+--------+--------+-----+--------+

Top non-repeatable levels by time:
     D:3: 914 daAuts
     D:1: 759 daAuts
     D:2: 569 daAuts
 Abyss:1: 63 daAuts
     D:4: 34 daAuts

Table legend:
 A = Kills in this place as a percentage of kills in entire the game.
 B = Kills by you in this place as a percentage of kills by you in the entire game.
 C = Kills by friends in this place as a percentage of kills by friends in the entire game.
 D = Other kills in this place as a percentage of other kills in the entire game.
 E = Experience gained in this place as a percentage of experience gained in the entire game.
 F = Experience gained in this place divided by the number of levels of this place that you have seen.
                   A       B       C       D       E      F
               +-------+-------+-------+-------+-------+----------------------
         Total | 100.0 | 100.0 |   N/A |   N/A | 100.0 |  33.4
       Dungeon | 100.0 | 100.0 |   N/A |   N/A | 100.0 |  41.8
               +-------+-------+-------+-------+-------+----------------------
